[Event "European Womens-ch 2025"]
[Site "Rhodes"]
[Date "2025.04.11"]
[Round "11.21"]
[White "Antolak, Julia"]
[Black "Krasteva, Beloslava"]
[Result "0-1"]
[Annotator "ChessBase"]
[ECO "C41"]
[WhiteElo "2314"]
[BlackElo "2257"]
[PlyCount "110"]
[EventDate "2025.03.29"]
[EventType "swiss"]
[EventCountry "GRE"]
[SourceTitle "playchess.com"]
[Source "ChessBase"]
[SourceQuality "1"]
[TimeControl "40/5400+30:1800+30"]

1. e4 d6 2. d4 Nf6 3. Nc3 e5 4. Nf3 Nbd7 5. g4 Nxg4 6. Rg1 Ngf6 7. Bc4 h6 8. Be3 c6 9. a4 Qa5 10. Nd2 Qb4 11. Ra3 exd4 12. Bxd4 Ne5 13. Rb3 Qa5 14. f4 Nxc4 15. Nxc4 Qh5 16. Bxf6 Qxd1+ 17. Kxd1 gxf6 18. Na5 Kd7 19. Ne2 b6 20. Nc4 Ba6 21. Ne3 Re8 22. Ng4 Bxe2+ 23. Kxe2 Rxe4+ 24. Kf3 Rxa4 25. Nxf6+ Ke6 26. Nh5 Be7 27. Rg7 Rf8 28. Rh7 Rc4 29. Re3+ Kd7 30. Ng3 Rxc2 31. Nf5 Bd8 32. h4 Rc5 33. Nd4 Re8 34. Rxf7+ Re7 35. Rexe7+ Bxe7 36. Nf5 Ke6 37. Nxh6 Bxh4 38. Kg4 Bf6 39. Rxa7 Bxb2 40. f5+ Kd5 41. Ng8 Rc1 42. Ne7+ Kc5 43. Rc7 Kb5 44. Kf3 c5 45. Nc8 Be5 46. Ke4 Rd1 47. Rb7 Kc6 48. Rf7 c4 49. Na7+ Kc5 50. Rc7+ Kb4 51. Nc6+ Kc3 52. Nxe5 Re1+ 53. Kf4 dxe5+ 54. Kf3 b5 55. f6 Rf1+ 0-1

[Event "European Womens-ch 2025"]
[Site "Rhodes"]
[Date "2025.04.11"]
[Round "11.22"]
[White "Wagner, Dinara"]
[Black "Gaboyan, Susanna"]
[Result "0-1"]
[Annotator "ChessBase"]
[ECO "D36"]
[WhiteElo "2440"]
[BlackElo "2200"]
[PlyCount "116"]
[EventDate "2025.03.29"]
[EventType "swiss"]
[EventCountry "GRE"]
[SourceTitle "playchess.com"]
[Source "ChessBase"]
[SourceQuality "1"]
[TimeControl "40/5400+30:1800+30"]

1. d4 d5 2. c4 e6 3. Nc3 Nf6 4. cxd5 exd5 5. Bg5 Be7 6. e3 O-O 7. Bd3 c6 8. Nge2 Re8 9. Qc2 Nbd7 10. O-O b5 11. a4 b4 12. Nb1 Bb7 13. Nd2 a5 14. Nb3 h6 15. Bxf6 Nxf6 16. Rfc1 Bd6 17. Nc5 Bc8 18. h3 Bc7 19. Bf5 Qd6 20. g3 h5 21. h4 Ng4 22. Bxc8 Raxc8 23. Qf5 g6 24. Qf3 Re7 25. Nf4 Rce8 26. Ng2 Bb6 27. Rc2 Bxc5 28. Rxc5 Ne5 29. Qf4 Re6 30. b3 Qe7 31. Rc2 Ng4 32. Qf3 Nf6 33. Rac1 Qb7 34. Nf4 Rd6 35. Nd3 Ng4 36. Nc5 Qe7 37. Nd3 Rf6 38. Qe2 Qe4 39. Nf4 Qe7 40. Rxc6 Rxf4 41. gxf4 Qxh4 42. Qf3 Qh2+ 43. Kf1 Re4 44. f5 gxf5 45. Qxf5 Qh3+ 46. Ke2 Rxe3+ 47. Kd2 Rf3 48. Rc8+ Kg7 49. Qg5+ Kh7 50. Qg8+ Kh6 51. Qh8+ Kg5 52. Qd8+ Nf6 53. Rg1+ Kf5 54. Qe7 Ne4+ 55. Kd1 Rd3+ 56. Ke1 Re3+ 57. Kd1 Nxf2+ 58. Kc2 Rxe7 0-1

[Event "European Womens-ch 2025"]
[Site "Rhodes"]
[Date "2025.04.11"]
[Round "11.23"]
[White "Atalik, Ekaterina"]
[Black "Khurtsilava, Inga"]
[Result "1/2-1/2"]
[Annotator "ChessBase"]
[ECO "E14"]
[WhiteElo "2375"]
[BlackElo "2214"]
[PlyCount "50"]
[EventDate "2025.03.29"]
[EventType "swiss"]
[EventCountry "GRE"]
[SourceTitle "playchess.com"]
[Source "ChessBase"]
[SourceQuality "1"]
[TimeControl "40/5400+30:1800+30"]

1. d4 Nf6 2. Nf3 e6 3. e3 b6 4. Bd3 Bb7 5. O-O Be7 6. c4 Ne4 7. Nfd2 d5 8. Bxe4 dxe4 9. Nc3 f5 10. b3 O-O 11. Bb2 Nd7 12. Qe2 a6 13. Rfd1 Bd6 14. f4 exf3 15. Nxf3 g5 16. e4 g4 17. Ne1 Bxh2+ 18. Kxh2 Qh4+ 19. Kg1 fxe4 20. Nxe4 Bxe4 21. Qxe4 Qf2+ 22. Kh1 Qh4+ 23. Kg1 Qf2+ 24. Kh1 Nf6 25. Qxe6+ Rf7 1/2-1/2

[Event "European Womens-ch 2025"]
[Site "Rhodes"]
[Date "2025.04.11"]
[Round "11.24"]
[White "Unuk, Laura"]
[Black "Rodshtein, Tereza"]
[Result "1/2-1/2"]
[Annotator "ChessBase"]
[ECO "D75"]
[WhiteElo "2301"]
[BlackElo "2171"]
[PlyCount "40"]
[EventDate "2025.03.29"]
[EventType "swiss"]
[EventCountry "GRE"]
[SourceTitle "playchess.com"]
[Source "ChessBase"]
[SourceQuality "1"]
[TimeControl "40/5400+30:1800+30"]

1. Nf3 d5 2. g3 c5 3. Bg2 Nf6 4. O-O g6 5. c4 Bg7 6. d4 cxd4 7. cxd5 Nxd5 8. Nxd4 O-O 9. Nc3 Nxc3 10. bxc3 Nc6 11. Nxc6 bxc6 12. Qxd8 Rxd8 13. Bxc6 Rb8 14. Bg5 Bh3 15. Bxe7 Bxf1 16. Bxd8 Bxe2 17. Ba5 Rb2 18. Be4 Rb5 19. Re1 Rxa5 20. Rxe2 Bxc3 1/2-1/2

[Event "European Womens-ch 2025"]
[Site "Rhodes"]
[Date "2025.04.11"]
[Round "11.25"]
[White "Radeva, Viktoria"]
[Black "Dicen, Elis Denele"]
[Result "1-0"]
[Annotator "ChessBase"]
[ECO "B76"]
[WhiteElo "2297"]
[BlackElo "2129"]
[PlyCount "125"]
[EventDate "2025.03.29"]
[EventType "swiss"]
[EventCountry "GRE"]
[SourceTitle "playchess.com"]
[Source "ChessBase"]
[SourceQuality "1"]
[TimeControl "40/5400+30:1800+30"]

1. e4 c5 2. Nc3 Nc6 3. Nge2 g6 4. d4 cxd4 5. Nxd4 Bg7 6. Nb3 Nf6 7. Be3 d6 8. f3 O-O 9. Qd2 Be6 10. O-O-O Ne5 11. Kb1 Rc8 12. Be2 Bc4 13. g4 Bxe2 14. Qxe2 Nc4 15. Bc1 Qb6 16. h4 h6 17. g5 Nh5 18. Nd5 Qd8 19. gxh6 Bf6 20. Nxf6+ exf6 21. Rhg1 Qe7 22. Rd5 Kh7 23. f4 f5 24. Rd4 b5 25. Qd3 fxe4 26. Rxe4 Qf6 27. f5 Ne5 28. fxg6+ fxg6 29. Qxb5 Qf2 30. Rge1 Qxc2+ 31. Ka1 Rc7 32. a3 Rff7 33. Nd4 Qd3 34. Rxe5 Qxd4 35. Re6 Qxh4 36. Bg5 Qc4 37. Qe8 Qc5 38. Re7 Qd5 39. Rxc7 Rxc7 40. Be7 Qg8 41. Qxg8+ Kxg8 42. Bxd6 Rd7 43. Re6 Kh7 44. Bc5 Kxh6 45. Ra6 Kg5 46. Rxa7 Rd1+ 47. Ka2 Kf5 48. b4 Nf6 49. Rf7 Ke6 50. Rg7 Kf5 51. a4 Ne4 52. Rc7 g5 53. a5 g4 54. a6 Nc3+ 55. Kb3 Nd5 56. Rg7 Ra1 57. a7 Ke6 58. Kc4 Rc1+ 59. Kb5 Ra1 60. Kc6 Ra6+ 61. Kb7 Ra4 62. a8=Q Rxa8 63. Kxa8 1-0

[Event "European Womens-ch 2025"]
[Site "Rhodes"]
[Date "2025.04.11"]
[Round "11.26"]
[White "Velikic, Adela"]
[Black "Sieber, Fiona"]
[Result "1-0"]
[Annotator "ChessBase"]
[ECO "A17"]
[WhiteElo "2214"]
[BlackElo "2276"]
[PlyCount "79"]
[EventDate "2025.03.29"]
[EventType "swiss"]
[EventCountry "GRE"]
[SourceTitle "playchess.com"]
[Source "ChessBase"]
[SourceQuality "1"]
[TimeControl "40/5400+30:1800+30"]

1. Nf3 Nf6 2. c4 e6 3. Nc3 Bb4 4. Qc2 c5 5. a3 Ba5 6. g3 Nc6 7. Bg2 O-O 8. O-O d6 9. e3 Qe7 10. b3 a6 11. Bb2 Rb8 12. Ng5 Re8 13. f4 h6 14. Nge4 Nxe4 15. Nxe4 Bd7 16. Rad1 b5 17. Ba1 Bb6 18. Qc3 f6 19. Qd3 Bc7 20. g4 Nd8 21. h4 bxc4 22. bxc4 d5 23. cxd5 Bb5 24. Qc2 exd5 25. Nc3 d4 26. Nxb5 Rxb5 27. exd4 Ne6 28. Rde1 cxd4 29. Rxe6 Qxe6 30. Qxc7 Qxg4 31. Bxd4 Re2 32. Qd8+ Kh7 33. Bf2 Rb3 34. Qd5 Rxa3 35. Be3 Qxh4 36. Be4+ g6 37. Qf7+ Kh8 38. Qe8+ Kg7 39. Qxg6+ Kf8 40. Bc5# 1-0

[Event "European Womens-ch 2025"]
[Site "Rhodes"]
[Date "2025.04.11"]
[Round "11.27"]
[White "Schneider, Jana"]
[Black "Nadzamova, Viktoria"]
[Result "1-0"]
[Annotator "ChessBase"]
[ECO "B30"]
[WhiteElo "2251"]
[BlackElo "2122"]
[PlyCount "41"]
[EventDate "2025.03.29"]
[EventType "swiss"]
[EventCountry "GRE"]
[SourceTitle "playchess.com"]
[Source "ChessBase"]
[SourceQuality "1"]
[TimeControl "40/5400+30:1800+30"]

1. e4 c5 2. Nf3 Nc6 3. Nc3 e5 4. Bc4 Be7 5. d3 d6 6. Nd2 Bg5 7. Nf1 Bxc1 8. Qxc1 Nf6 9. Ne3 O-O 10. h3 Be6 11. Qd1 a6 12. a4 Rb8 13. O-O Nd4 14. Ncd5 b5 15. axb5 axb5 16. Nxf6+ Qxf6 17. Bxe6 Nxe6 18. Ra6 Nc7 19. Rc6 Rfc8 20. Qg4 g6 21. Qd7 1-0

[Event "European Womens-ch 2025"]
[Site "Rhodes"]
[Date "2025.04.11"]
[Round "11.28"]
[White "Abdinova, Narmin"]
[Black "Rudzinska, Michalina"]
[Result "0-1"]
[Annotator "ChessBase"]
[ECO "E08"]
[WhiteElo "2165"]
[BlackElo "2223"]
[PlyCount "60"]
[EventDate "2025.03.29"]
[EventType "swiss"]
[EventCountry "GRE"]
[SourceTitle "playchess.com"]
[Source "ChessBase"]
[SourceQuality "1"]
[TimeControl "40/5400+30:1800+30"]

1. d4 d5 2. c4 e6 3. Nf3 Nf6 4. g3 Be7 5. Bg2 O-O 6. O-O c6 7. Qc2 b6 8. b3 Bb7 9. Rd1 Nbd7 10. Nc3 c5 11. cxd5 exd5 12. Bb2 Rc8 13. Qf5 Re8 14. Rac1 Bf8 15. e3 g6 16. Qb1 Bh6 17. Nb5 Ne4 18. Ne5 a6 19. Bxe4 axb5 20. Nxd7 Qxd7 21. dxc5 bxc5 22. Bg2 d4 23. exd4 Bxg2 24. Kxg2 Bxc1 25. Qxc1 Qd5+ 26. Kg1 c4 27. bxc4 Rxc4 28. Qd2 Rc6 29. Ba3 Rce6 30. Rc1 Re2 0-1

[Event "European Womens-ch 2025"]
[Site "Rhodes"]
[Date "2025.04.11"]
[Round "11.29"]
[White "Dwilewicz, Katarzyna"]
[Black "Gaponenko, Inna"]
[Result "1-0"]
[Annotator "ChessBase"]
[ECO "B31"]
[WhiteElo "2203"]
[BlackElo "2349"]
[PlyCount "139"]
[EventDate "2025.03.29"]
[EventType "swiss"]
[EventCountry "GRE"]
[SourceTitle "playchess.com"]
[Source "ChessBase"]
[SourceQuality "1"]
[TimeControl "40/5400+30:1800+30"]

1. e4 c5 2. Nf3 Nc6 3. Bb5 g6 4. O-O Bg7 5. c3 Nf6 6. Re1 O-O 7. d4 d5 8. e5 Ne4 9. Be3 cxd4 10. cxd4 Qb6 11. Bxc6 bxc6 12. Qc1 f6 13. Nc3 Nxc3 14. Qxc3 a5 15. Rac1 Bg4 16. exf6 exf6 17. Bf4 Bd7 18. Bd6 Rfe8 19. h4 h5 20. Nd2 Bh6 21. Rcd1 a4 22. Nf1 Kf7 23. Ng3 Qb5 24. b3 axb3 25. axb3 Re6 26. Bc5 Rb8 27. b4 Ra8 28. Ra1 Qb7 29. Rxa8 Qxa8 30. Ra1 Qe8 31. Kh2 Bf4 32. Qf3 Re4 33. Ra7 Bb8 34. Ra1 Rxh4+ 35. Kg1 Rg4 36. b5 Kg7 37. b6 h4 38. Nf1 Re4 39. b7 Qd8 40. Ba7 Qc7 41. Bxb8 Qxb8 42. Qb3 Bc8 43. bxc8=Q Qxc8 44. Ra7+ Kh6 45. Qf3 Qe6 46. Qd3 Re1 47. Qd2+ g5 48. Ra3 Rb1 49. Re3 Qg4 50. Rf3 Kg7 51. Qc2 Qe4 52. Qxc6 Qxd4 53. Qc7+ Kg6 54. Qc2+ Qe4 55. Qc6 Qd4 56. Qe8+ Kh6 57. Qh8+ Kg6 58. Qe8+ Kh6 59. Qe2 g4 60. Rd3 Qe4 61. Qd2+ Kg6 62. Rd4 Qf5 63. Rxd5 Qe4 64. Rd4 Qf5 65. Qe2 Kg5 66. Rd8 Kh6 67. Qe3+ Kg7 68. Qe7+ Kh6 69. Rh8+ Kg5 70. Rg8+ 1-0

[Event "European Womens-ch 2025"]
[Site "Rhodes"]
[Date "2025.04.11"]
[Round "11.30"]
[White "Mgeladze, Kesaria"]
[Black "Kochavi, Dana"]
[Result "0-1"]
[Annotator "ChessBase"]
[ECO "B33"]
[WhiteElo "2200"]
[BlackElo "2301"]
[PlyCount "120"]
[EventDate "2025.03.29"]
[EventType "swiss"]
[EventCountry "GRE"]
[SourceTitle "playchess.com"]
[Source "ChessBase"]
[SourceQuality "1"]
[TimeControl "40/5400+30:1800+30"]

1. e4 c5 2. Nf3 Nc6 3. d4 cxd4 4. Nxd4 Nf6 5. Nc3 e5 6. Ndb5 d6 7. Nd5 Nxd5 8. exd5 Nb8 9. a4 Be7 10. Be2 O-O 11. O-O f5 12. f4 Nd7 13. Kh1 a6 14. Na3 exf4 15. Bxf4 Ne5 16. Bxe5 dxe5 17. Nc4 Bf6 18. a5 g6 19. d6 Be6 20. Nb6 Rb8 21. Bc4 Qe8 22. Qd3 e4 23. Qb3 Bxc4 24. Qxc4+ Qf7 25. Qc5 Qe6 26. Rad1 Rbd8 27. Qc7 Bxb2 28. Qxb7 e3 29. Rfe1 Bc3 30. Re2 Rxd6 31. Rxd6 Qxd6 32. Qd5+ Qxd5 33. Nxd5 Bd2 34. Nxe3 Rd8 35. Kg1 Bxa5 36. Nc4 Bb4 37. Kf2 Kf7 38. Kf3 Kf6 39. Re3 Rc8 40. Nb6 Rd8 41. Nc4 g5 42. Rb3 Bc5 43. Ke2 Rd4 44. Nd2 Rg4 45. g3 Rb4 46. Rc3 Rb5 47. g4 a5 48. Kd3 Bd6 49. gxf5 Rd5+ 50. Ke2 Rxd2+ 51. Kxd2 Bb4 52. Kd3 Bxc3 53. Kxc3 h5 54. Kb3 g4 55. c4 Kxf5 56. Ka4 h4 57. c5 Ke6 58. Kxa5 g3 59. hxg3 hxg3 60. c6 g2 0-1

[Event "European Womens-ch 2025"]
[Site "Rhodes"]
[Date "2025.04.11"]
[Round "11.31"]
[White "Heinemann, Josefine"]
[Black "Pavlidou, Ekaterini"]
[Result "0-1"]
[Annotator "ChessBase"]
[ECO "B30"]
[WhiteElo "2297"]
[BlackElo "2160"]
[PlyCount "176"]
[EventDate "2025.03.29"]
[EventType "swiss"]
[EventCountry "GRE"]
[SourceTitle "playchess.com"]
[Source "ChessBase"]
[SourceQuality "1"]
[TimeControl "40/5400+30:1800+30"]

1. e4 c5 2. Nf3 Nc6 3. Bb5 Nf6 4. Nc3 g6 5. e5 Nh5 6. O-O Bg7 7. Re1 Nd4 8. Bc4 O-O 9. d3 d6 10. exd6 Qxd6 11. Ne4 Qc7 12. c3 Ne6 13. Neg5 Nxg5 14. Bxg5 e6 15. Qd2 Bd7 16. Bh6 b5 17. Bxg7 Kxg7 18. Bb3 Rad8 19. Ne5 Bc8 20. Bd1 f6 21. Bxh5 gxh5 22. Nf3 c4 23. d4 Qc6 24. Qe3 Rd5 25. h4 Rg8 26. Nd2 Kf7 27. Ne4 Rf5 28. f3 Bb7 29. Re2 Qd5 30. Rae1 Bc8 31. Kf2 Qc6 32. Ng3 Rd5 33. Qh6 Rg6 34. Qxh7+ Rg7 35. Qh6 Rg6 36. Qf4 Bd7 37. Ne4 Kg7 38. Qb8 a5 39. Nc5 e5 40. Nxd7 Rxd7 41. dxe5 Kh7 42. exf6 Qxf6 43. g3 Rf7 44. Re3 Qf5 45. Qe5 Qh3 46. Qxh5+ Kg7 47. Qe5+ Rgf6 48. Rg1 Kh7 49. f4 Qh2+ 50. Rg2 Rxf4+ 51. gxf4 Rxf4+ 52. Qxf4 Qxf4+ 53. Rf3 Qd2+ 54. Kg1 Qe1+ 55. Kh2 Qe5+ 56. Rfg3 b4 57. h5 bxc3 58. bxc3 Kh6 59. Rd2 a4 60. Rd4 Qe2+ 61. Kh3 Qe6+ 62. Kh4 Qf6+ 63. Kg4 Qg5+ 64. Kf3 Qf5+ 65. Kg2 Qc2+ 66. Kh3 Qf5+ 67. Kh2 Qe5 68. Rdg4 Qe2+ 69. Rg2 Qe5+ 70. R4g3 a3 71. Rf2 Qd6 72. Re2 Qf4 73. Kg2 Qb8 74. Re6+ Kxh5 75. Re7 Qb2+ 76. Kh3 Qb1 77. Kh2 Qxa2+ 78. Rg2 Qb1 79. Re8 Qh7 80. Re3 Qc7+ 81. Kh1 Qd7 82. Re5+ Kh6 83. Re1 Qd5 84. Re3 Qf5 85. Reg3 Qb1+ 86. Kh2 Qb8 87. Kg1 Qxg3 88. Rxg3 a2 0-1

[Event "European Womens-ch 2025"]
[Site "Rhodes"]
[Date "2025.04.11"]
[Round "11.32"]
[White "Allahverdiyeva, Ayan"]
[Black "Chelushkina, Irina"]
[Result "1-0"]
[Annotator "ChessBase"]
[ECO "C02"]
[WhiteElo "2266"]
[BlackElo "2134"]
[PlyCount "105"]
[EventDate "2025.03.29"]
[EventType "swiss"]
[EventCountry "GRE"]
[SourceTitle "playchess.com"]
[Source "ChessBase"]
[SourceQuality "1"]
[TimeControl "40/5400+30:1800+30"]

1. e4 e6 2. d4 d5 3. e5 c5 4. c3 Nc6 5. Nf3 Bd7 6. Be2 f6 7. O-O fxe5 8. Nxe5 Nxe5 9. dxe5 Qc7 10. Re1 Ne7 11. Na3 a6 12. Bh5+ g6 13. Bg5 Bg7 14. Bf6 Nf5 15. Bxg7 Nxg7 16. Bf3 O-O 17. Nc2 Rf5 18. Ne3 Rxe5 19. Ng4 Rxe1+ 20. Qxe1 Rf8 21. Qe2 Qf4 22. Re1 Bc8 23. Ne5 Qa4 24. a3 Qa5 25. h4 Qd8 26. h5 gxh5 27. Bxh5 Qg5 28. Bf3 Rd8 29. g3 Bd7 30. Nxd7 Rxd7 31. c4 dxc4 32. Qxc4 b5 33. Qe4 Qf6 34. Kg2 Rf7 35. Re2 h5 36. Qe3 c4 37. Qe4 Rf8 38. Rd2 a5 39. Bd1 Qf5 40. Qe2 Qc5 41. Bc2 Qc6+ 42. Be4 Qc7 43. Qe3 Rd8 44. Re2 Kf8 45. Qh6 Qe5 46. f4 Qd4 47. f5 Ke7 48. Bf3 Rf8 49. fxe6 Qf6 50. Qe3 Qf5 51. Qa7+ Kf6 52. Qd4+ Ke7 53. Qxg7+ 1-0

[Event "European Womens-ch 2025"]
[Site "Rhodes"]
[Date "2025.04.11"]
[Round "11.33"]
[White "Zaksaite, Salomeja"]
[Black "Wikar, Martyna"]
[Result "0-1"]
[Annotator "ChessBase"]
[ECO "E14"]
[WhiteElo "2137"]
[BlackElo "2239"]
[PlyCount "62"]
[EventDate "2025.03.29"]
[EventType "swiss"]
[EventCountry "GRE"]
[SourceTitle "playchess.com"]
[Source "ChessBase"]
[SourceQuality "1"]
[TimeControl "40/5400+30:1800+30"]

1. d4 Nf6 2. Nf3 e6 3. e3 b6 4. Bd3 Bb7 5. b3 c5 6. O-O Be7 7. Bb2 O-O 8. c4 d6 9. Nc3 Nbd7 10. Re1 e5 11. dxe5 Nxe5 12. Nxe5 dxe5 13. Qc2 Bd6 14. e4 Nh5 15. Nd5 g6 16. Re3 Bxd5 17. exd5 Qc7 18. Rae1 Rae8 19. Be2 Ng7 20. Rh3 Nf5 21. Qd2 Nd4 22. Bd1 f5 23. Kh1 Qg7 24. Rhe3 Re7 25. f4 Rfe8 26. fxe5 Rxe5 27. Bxd4 cxd4 28. Rxe5 Rxe5 29. Bf3 Qh6 30. Qc1 Rxe1+ 31. Qxe1 Qxh2# 0-1

[Event "European Womens-ch 2025"]
[Site "Rhodes"]
[Date "2025.04.11"]
[Round "11.34"]
[White "Gevorgyan, Maria"]
[Black "Donghvani, Nia"]
[Result "0-1"]
[Annotator "ChessBase"]
[ECO "B45"]
[WhiteElo "2234"]
[BlackElo "2025"]
[PlyCount "90"]
[EventDate "2025.03.29"]
[EventType "swiss"]
[EventCountry "GRE"]
[SourceTitle "playchess.com"]
[Source "ChessBase"]
[SourceQuality "1"]
[TimeControl "40/5400+30:1800+30"]

1. e4 c5 2. Nf3 e6 3. d4 cxd4 4. Nxd4 Nf6 5. Nc3 Nc6 6. Nxc6 bxc6 7. e5 Nd5 8. Ne4 Qc7 9. f4 Qb6 10. c4 Bb4+ 11. Ke2 f5 12. exf6 Nxf6 13. Nd6+ Bxd6 14. Qxd6 Ba6 15. Kf3 c5 16. Qxb6 axb6 17. Bd3 O-O 18. Re1 Rae8 19. b3 d5 20. Bb2 d4 21. a4 Bb7+ 22. Kf2 Nh5 23. g3 e5 24. a5 exf4 25. g4 Nf6 26. h3 Re3 27. Rxe3 dxe3+ 28. Ke2 bxa5 29. Be5 g5 30. Rxa5 Be4 31. Rxc5 f3+ 32. Kxe3 Bxd3 33. Bxf6 Rxf6 34. Rxg5+ Kf7 35. Kf2 Be4 36. Ra5 Rd6 37. Ke3 Bc6 38. Ra7+ Kg6 39. b4 Re6+ 40. Kf2 Re2+ 41. Kf1 Be4 42. Rd7 Kg5 43. b5 Kf4 44. b6 Ke3 45. Re7 Rb2 0-1

[Event "European Womens-ch 2025"]
[Site "Rhodes"]
[Date "2025.04.11"]
[Round "11.35"]
[White "Sandu, Mihaela"]
[Black "Vidic, Teja"]
[Result "1/2-1/2"]
[Annotator "ChessBase"]
[ECO "C24"]
[WhiteElo "2230"]
[BlackElo "2100"]
[PlyCount "123"]
[EventDate "2025.03.29"]
[EventType "swiss"]
[EventCountry "GRE"]
[SourceTitle "playchess.com"]
[Source "ChessBase"]
[SourceQuality "1"]
[TimeControl "40/5400+30:1800+30"]

1. e4 e5 2. Nf3 Nc6 3. Bc4 Nf6 4. d3 d5 5. exd5 Nxd5 6. O-O Be7 7. Re1 f6 8. d4 Nb6 9. Bb5 O-O 10. c3 Bg4 11. Nbd2 exd4 12. Qb3+ Kh8 13. Bxc6 bxc6 14. Nxd4 Qd7 15. h3 Bh5 16. Qe6 Bd6 17. Qxd7 Nxd7 18. Nc4 Rfe8 19. Be3 Bf8 20. Nxc6 Nc5 21. b4 Nd3 22. Reb1 f5 23. Nb2 f4 24. Bd4 Nxb2 25. Rxb2 Re6 26. Ne5 Rae8 27. Nd3 Bd6 28. Bc5 g5 29. Bxd6 cxd6 30. Rd2 Re2 31. Rxe2 Rxe2 32. Ne1 Kg7 33. a4 Kf6 34. Rd1 Ke6 35. a5 Re4 36. f3 Rc4 37. Nc2 a6 38. Nd4+ Ke5 39. Ne2 Be8 40. Kf2 Bb5 41. Ke1 Rc8 42. Kd2 h5 43. Nd4 Bc4 44. Rb1 Kf6 45. Nc2 g4 46. hxg4 hxg4 47. Na3 Bd5 48. b5 axb5 49. Nxb5 gxf3 50. gxf3 Ra8 51. Ra1 Bxf3 52. a6 Ke7 53. a7 Kd7 54. Rg1 Be4 55. Rg4 Kc6 56. Nd4+ Kb6 57. Rxf4 d5 58. Rf6+ Kxa7 59. Nb5+ Kb7 60. c4 Ra6 61. Rf4 Rc6 62. cxd5 1/2-1/2

[Event "European Womens-ch 2025"]
[Site "Rhodes"]
[Date "2025.04.11"]
[Round "11.36"]
[White "Berke, Ana"]
[Black "Lehaci, Miruna-Daria"]
[Result "1/2-1/2"]
[Annotator "ChessBase"]
[ECO "B55"]
[WhiteElo "2119"]
[BlackElo "2212"]
[PlyCount "100"]
[EventDate "2025.03.29"]
[EventType "swiss"]
[EventCountry "GRE"]
[SourceTitle "playchess.com"]
[Source "ChessBase"]
[SourceQuality "1"]
[TimeControl "40/5400+30:1800+30"]

1. e4 c5 2. Nf3 d6 3. d4 cxd4 4. Nxd4 Nf6 5. f3 e5 6. Nb3 Be7 7. c4 a5 8. Be3 a4 9. N3d2 Qa5 10. Be2 O-O 11. O-O Nc6 12. Na3 Bd8 13. Kh1 Bb6 14. Bg5 Nh5 15. Nb5 f6 16. Bh4 Nf4 17. Nb1 Bc5 18. N1c3 Be6 19. Rb1 Nd4 20. Nxd4 Bxd4 21. Nd5 Bxd5 22. cxd5 Rfc8 23. Be1 Qb6 24. g3 Nxe2 25. Qxe2 Rc5 26. Bf2 Bxf2 27. Rxf2 Rac8 28. Rd1 Qc7 29. Kg2 Rc2 30. Rd2 Rc1 31. Rd1 Rc4 32. Rd2 b5 33. a3 Qd7 34. Qd3 Rd4 35. Qe3 Rcc4 36. Rxd4 exd4 37. Qd3 Qc7 38. Rd2 Kf7 39. Kf2 Qc8 40. Kg2 b4 41. axb4 Rxb4 42. f4 Qb7 43. Qe2 g6 44. Kh3 Kg7 45. Qg4 Qe7 46. Qe6 Qxe6+ 47. dxe6 f5 48. exf5 gxf5 49. g4 fxg4+ 50. Kxg4 Kf6 1/2-1/2

[Event "European Womens-ch 2025"]
[Site "Rhodes"]
[Date "2025.04.11"]
[Round "11.37"]
[White "Koridze, Lile"]
[Black "Zimina, Olga"]
[Result "1/2-1/2"]
[Annotator "ChessBase"]
[ECO "D11"]
[WhiteElo "2115"]
[BlackElo "2293"]
[PlyCount "51"]
[EventDate "2025.03.29"]
[EventType "swiss"]
[EventCountry "GRE"]
[SourceTitle "playchess.com"]
[Source "ChessBase"]
[SourceQuality "1"]
[TimeControl "40/5400+30:1800+30"]

1. d4 d5 2. c4 c6 3. Nf3 Nf6 4. e3 a6 5. Nbd2 Bf5 6. Qb3 Ra7 7. Bd3 Bxd3 8. Qxd3 e6 9. O-O Nbd7 10. b3 Be7 11. Bb2 O-O 12. e4 dxe4 13. Nxe4 a5 14. Rad1 Nxe4 15. Qxe4 Nf6 16. Qe3 Qb6 17. Ne5 a4 18. Qg3 axb3 19. axb3 Ra2 20. Bc1 Rd8 21. Qd3 Qa6 22. Be3 h6 23. Bxh6 gxh6 24. Qg3+ Kf8 25. Qf4 Kg7 26. Qg3+ 1/2-1/2

[Event "European Womens-ch 2025"]
[Site "Rhodes"]
[Date "2025.04.11"]
[Round "11.38"]
[White "Smietanska, Wiktoria"]
[Black "Deak-Sala, Emilia"]
[Result "1-0"]
[Annotator "ChessBase"]
[ECO "B47"]
[WhiteElo "2254"]
[BlackElo "2112"]
[PlyCount "71"]
[EventDate "2025.03.29"]
[EventType "swiss"]
[EventCountry "GRE"]
[SourceTitle "playchess.com"]
[Source "ChessBase"]
[SourceQuality "1"]
[TimeControl "40/5400+30:1800+30"]

1. e4 c5 2. Nf3 e6 3. d4 cxd4 4. Nxd4 Nc6 5. Nc3 Qc7 6. Ndb5 Qb8 7. g3 a6 8. Nd4 Nf6 9. Bg2 Nxd4 10. Qxd4 Bd6 11. Be3 O-O 12. O-O-O Be5 13. Qd3 Ng4 14. Bd4 b5 15. f4 Bxd4 16. Qxd4 Qa7 17. e5 Qxd4 18. Rxd4 Rb8 19. Ne4 Bb7 20. Rxd7 Bd5 21. Bf3 Rbc8 22. Kb1 Ne3 23. c3 Nc4 24. Rd1 h6 25. b3 Nb6 26. Rd6 Rb8 27. Rd3 a5 28. Nc5 Bxf3 29. Rxf3 Rfd8 30. Rfd3 Rxd6 31. Rxd6 Nd5 32. Kb2 a4 33. f5 Rc8 34. fxe6 fxe6 35. Nxe6 axb3 36. Rxd5 1-0

[Event "European Womens-ch 2025"]
[Site "Rhodes"]
[Date "2025.04.11"]
[Round "11.39"]
[White "Jarocka, Liwia"]
[Black "Paasikangas, Johanna"]
[Result "1-0"]
[Annotator "ChessBase"]
[ECO "C50"]
[WhiteElo "2231"]
[BlackElo "2106"]
[PlyCount "125"]
[EventDate "2025.03.29"]
[EventType "swiss"]
[EventCountry "GRE"]
[SourceTitle "playchess.com"]
[Source "ChessBase"]
[SourceQuality "1"]
[TimeControl "40/5400+30:1800+30"]

1. e4 e5 2. Nf3 Nc6 3. Bc4 Bc5 4. d3 Nf6 5. Nc3 a6 6. a4 d6 7. Be3 Ng4 8. Bxc5 dxc5 9. h3 Nf6 10. Nd5 Be6 11. Ne3 Bxc4 12. Nxc4 Qe7 13. O-O O-O 14. Ne3 g6 15. Nh2 Rad8 16. Qc1 Nd4 17. Re1 c6 18. Neg4 Nh5 19. g3 f6 20. Kg2 Qe6 21. Ra3 Qd6 22. Qd1 Kh8 23. Ne3 b5 24. axb5 axb5 25. Qg4 Ng7 26. Ra7 Nde6 27. Qh4 Qd4 28. Nhg4 Nh5 29. Nh6 Rd7 30. Nhf5 Rxa7 31. Nxd4 cxd4 32. Nf1 Ra2 33. Rb1 Nhg7 34. Qh6 c5 35. Qc1 c4 36. Nd2 Nc5 37. Ra1 Rxa1 38. Qxa1 cxd3 39. cxd3 Nge6 40. Qa7 Kg8 41. Qe7 Rf7 42. Qe8+ Kg7 43. Qxb5 Re7 44. b4 Nb7 45. Nc4 Ned8 46. Qd5 Nf7 47. b5 Kf8 48. b6 Nfd8 49. f4 Nf7 50. Kf3 Kg7 51. h4 h5 52. Kg2 Kf8 53. Qc6 Kg7 54. Qc8 Nfd8 55. f5 gxf5 56. Qxf5 Ne6 57. Kf1 Nec5 58. Ke2 Re6 59. Qxh5 Nd7 60. Qg4+ Kf7 61. h5 Nxb6 62. Nxb6 Rxb6 63. Qd7+ 1-0